cohdb
Replays
Latest Replays
All Replays
Popular Replays
Top Player Replays
Match Explorer
How It Works
Community
CoH3 Stats
Reddit
Sign in to upload your games and track your stats! →
Sign in with Steam
Match 38757746
Unlisted
Match 38757746
Overview
Messages
Build Orders
End
Kettenkrad Recon Vehicle
Construct Infanterie Kompanie
Selects Mechanized Battlegroup
Grenadier Squad
Grenadier Squad
MG 42 Machine Gun Team
Construct Panzergrenadier Kompanie
Medical Bunker
Selects Raid Package
Panzergrenadier Squad
Construct Panzer Kompanie
Construct Panzer Kompanie
Pak 40 Anti-tank Gun Team
Selects 8 Rad Armored Car
Selects UNKNOWN (2160084)
Panther Heavy Tank
Selects Spotting Scopes
Stoßtruppen Squad
Panzer Officer Quarters
Selects Wespe Self-propelled Artillery
Wespe Self-propelled Artillery
Pioneer Squad
Selects Mechanized Assault
Panther Heavy Tank
Wespe Self-propelled Artillery
MG 42 Bunker
Panther Heavy Tank
Panther Heavy Tank
Mechanized Assault
Panther Heavy Tank
Olg
rocketpossum
Ghaell
Fleur de lis
0
0
Comments
sign in to comment!
No comments posted yet!